AoeStats
← psigemo

Arabia

509472703Analyzed
1v1 RM · 7d ago on Sep 26, 2026· 39m 7s· 2 players
Game mode
Random Map
Map size
Tiny (2 player)
Population
200
Speed
Normal
Resources
Standard
Victory
Conquest
Starting age
Dark Age
Ending age
Imperial Age
RankedLock teamsTeams togetherTeam positionsShared explorationLock speedFull tech treeHidden civsTurbo modeCheats
Victory
Defeat
🇨🇴 Mongols · Colombia
971
+18
🇦🇺 Britons · Australia
1010
-18
the_gray
8:36 Feudal Age
15:54 Horse Collar
18:59 Loom
21:09 Fletching
21:20 Padded Archer Armor
29:04 Castle Age
27:42 Double-Bit Axe
29:07 Crossbowman
30:10 Bow Saw
30:52 Pikeman
32:25 Bodkin Arrow
33:11 Scale Mail Armor
psigemo
6:16 Loom
8:59 Feudal Age
15:30 Wheelbarrow
14:51 Double-Bit Axe
16:46 Horse Collar
17:26 Bloodlines
22:52 Castle Age
23:18 Bloodlines
23:09 Gold Mining
23:36 Forging
23:31 Scale Barding Armor
23:26 Padded Archer Armor
23:47 Bow Saw
24:58 Husbandry
25:38 Chain Barding Armor
29:35 Iron Casting
33:33 Hand Cart
33:06 Town Watch
36:57 Light Cavalry
Connection lost

Rejoining the realm…

Still unreachable

The connection could not be restored.

Session expired

The server has moved on; the page needs a fresh start.